Map: Orbital Shipyard

Players

ILLBdA

  • Race: Protoss Protoss
  • League: Diamond

ZICO - Winner!

  • Race: Terran Terran
  • League: Master

VOD

Have the link to the VOD?

Description

Time

  • Played on: Dec. 11, 2015, 8:12 a.m.
  • Length: 7:38
Show
View Real Time Build Order
Export as new Build Order

ILLBdA Protoss 

Build Orders: 1 Gate Expand 

Get SALT Encoding   

  12  0:00  Probe (Chrono Boost)  
  13  0:11  Probe (Chrono Boost)  
  14  0:18  Pylon  
  14  0:22  Probe (Chrono Boost)  
  15  0:37  Probe (Chrono Boost)  
  15  0:39  Gateway  
  16  0:47  Probe (Chrono Boost)  
  16  0:48  Assimilator  
  17  0:58  Probe (Chrono Boost)  
  18  1:08  Probe (Chrono Boost)  
  19  1:19  Probe (Chrono Boost)  
  20  1:27  Nexus  
  21  1:34  Cybernetics Core  
  21  1:37  Probe (Chrono Boost)  
  21  1:47  Probe (Chrono Boost)  
  21  1:48  Assimilator  
  21  1:51  Pylon  
  22  2:02  Probe (Chrono Boost)  
  22  2:05  Pylon  
  23  2:10  Adept (Chrono Boost)  
  23  2:11  Warp Gate  
  25  2:19  Mothership Core (Chrono Boost)  
  26  2:39  Probe (Chrono Boost)  
  26  2:41  Probe (Chrono Boost)  
  28  2:49  Probe (Chrono Boost)  
  29  2:52  Probe (Chrono Boost), Robotics Facility  
  30  3:00  Sentry, Probe (Chrono Boost)  
  30  3:02  Probe (Chrono Boost)  
  34  3:10  Probe (Chrono Boost)  
  35  3:13  Probe (Chrono Boost)  
  36  3:28  Gateway x2  
  36  3:31  Sentry  
  38  3:36  Probe x2 (Chrono Boost)  
  38  3:41  Immortal (Chrono Boost)  
  44  3:49  Gateway  
  44  3:55  Gateway  
  44  4:17  Stalker  
  44  4:23  Immortal (Chrono Boost)  
  50  4:31  Pylon  
  50  4:34  Sentry  
  50  4:36  Zealot  
  54  4:48  Gateway, Pylon  
  54  4:50  Sentry, Gateway, Pylon  
  54  4:51  Adept  
  58  4:57  Warp Prism (Chrono Boost)  
  60  5:04  Sentry  
  62  5:14  Adept x2  
  64  5:15  Pylon  
  64  5:20  Probe  
  67  5:32  Immortal (Chrono Boost)  
  71  5:48  Adept x2  
  71  5:49  Adept  
  73  5:50  Adept, Zealot  
  73  5:56  Adept x2  
  71  6:16  Observer (Chrono Boost)  
  71  6:18  Adept x2  
  72  6:34  Warp Prism (Chrono Boost)  
  72  6:39  Adept x4  
  82  6:43  Probe  
  82  6:45  Pylon  
  81  6:55  Stalker x2  
  85  7:05  Stalker  
  68  7:17  Adept x2  
  68  7:18  Zealot x3  
  68  7:19  Zealot  
Show
View Real Time Build Order
Export as new Build Order

ZICO Terran - Winner!

Build Orders: Reaper Expand 

Get SALT Encoding   

  12  0:00  SCV  
  13  0:12  SCV  
  14  0:17  Supply Depot  
  14  0:25  SCV  
  15  0:39  SCV  
  15  0:40  Barracks  
  16  0:46  Refinery  
  16  0:51  SCV  
  17  1:03  SCV  
  18  1:15  SCV  
  19  1:29  Reaper  
  19  1:30  Orbital Command  
  20  1:43  Command Center  
  20  1:55  SCV  
  20  1:56  Supply Depot  
  21  2:07  SCV  
  22  2:11  Refinery  
  22  2:12  Barracks Reactor  
  22  2:19  SCV  
  23  2:24  Factory  
  23  2:31  SCV  
  24  2:44  SCV  
  24  2:48  Marine x2  
  27  2:52  Bunker  
  27  2:56  SCV, Orbital Command  
  28  3:04  Engineering Bay  
  28  3:06  Marine x2  
  28  3:09  Factory Tech Lab  
  30  3:24  SCV, Marine x2  
  33  3:29  Cyclone  
  33  3:32  Missile Turret  
  36  3:36  SCV  
  36  3:38  Missile Turret  
  36  3:41  SCV  
  38  3:42  Marine x2  
  40  3:53  SCV  
  40  3:54  SCV  
  42  3:57  Barracks  
  42  4:00  Starport  
  42  4:05  SCV  
  42  4:06  SCV  
  42  4:09  Supply Depot  
  44  4:17  SCV  
  49  4:31  SCV  
  49  4:34  Supply Depot  
  49  4:35  Supply Depot  
  49  4:36  Starport Reactor  
  49  4:37  SCV  
  50  4:44  Barracks  
  47  4:47  Barracks  
  47  4:49  SCV, Widow Mine  
  47  4:50  Supply Depot  
  47  4:52  Stimpack, Marine  
  51  4:53  Marine, Marauder  
  51  4:56  SCV  
  55  5:01  SCV  
  55  5:03  Refinery  
  55  5:05  Terran Infantry Weapons Level 1  
  56  5:09  SCV  
  56  5:12  Marine x2  
  59  5:14  Marauder, Medivac  
  59  5:16  Medivac  
  59  5:20  Supply Depot  
  65  5:26  Widow Mine  
  67  5:30  Marine  
  67  5:31  SCV  
  67  5:34  Barracks Tech Lab  
  67  5:35  Barracks Reactor  
  69  5:36  Missile Turret, Marauder  
  69  5:38  Barracks  
  69  5:40  Supply Depot  
  71  5:42  Supply Depot  
  71  5:43  SCV  
  71  5:55  Marauder, Marine x2  
  69  5:57  Marauder  
  68  6:13  Marine x2  
  68  6:17  Marauder  
  72  6:19  Marauder  
  72  6:20  Concussive Shells  
  72  6:25  Supply Depot x2  
  74  6:26  Supply Depot  
  74  6:28  SCV  
  74  6:30  Marine  
  74  6:31  Marine  
  74  6:32  Marine  
  78  6:37  Barracks Tech Lab  
  78  6:41  Supply Depot  
  78  6:46  Medivac, Marine x2  
  84  6:47  Marauder  
  84  6:53  Marine x2  
  84  7:00  Marine  
  87  7:01  Marauder  
  87  7:04  Marine  
  87  7:05  Marauder  
  81  7:08  Marauder  
  81  7:15  Marine x2  
Tags
 
Add a new tag
Caveats
  • Supply blocks, unpowered buildings, or Contaminate may cause inaccurate times.
  • Supply counts are checked every 10 seconds.